 Dungeon Crawl Stone Soup version 0.29.1-1-gd02db6906a (webtiles) character file.

Game seed: 10386559402346788706

73 Demigod47 the Shield-Bearer (level 4, -1/40 HPs)
             Began as a Minotaur Fighter on Oct 6, 2022.
             Was a Follower of Okawaru.
             Slain by an orc wizard
             ... wielding a +0 dagger
              (2 damage)
             ... on level 3 of the Dungeon.
             The game lasted 00:03:23 (1849 turns).

Demigod47 the Shield-Bearer (Minotaur Fighter)      Turns: 1849, Time: 00:03:23

Health: -1/40      AC:  8    Str: 23    XL:     4   Next: 8%
Magic:  3/3        EV:  8    Int:  5    God:    Okawaru [*.....]
Gold:   88         SH:  8    Dex:  9    Spells: 3/3 levels left

rFire   . . .      SeeInvis .   a - +0 flail
rCold   + . .      Faith    .   g - +0 kite shield
rNeg    . . .      Spirit   .   b - +0 scale mail
rPois   .          Reflect  .   (helmet restricted)
rElec   .          Harm     .   (no cloak)
rCorr   .          Rampage  .   l - +0 pair of gloves
Will    .....                   (no boots)
Stlth   ..........              (no amulet)
HPRegen 0.13/turn               o - ring of protection from cold
MPRegen 0.08/turn               (no ring)

@: attractive
A: horns 2, retaliatory headbutt
a: Renounce Religion, Heroism


You were on level 3 of the Dungeon.
You worshipped Okawaru.
Okawaru was aware of your devotion.
You visited 1 branch of the dungeon, and saw 3 of its levels.

You collected 88 gold pieces.

Inventory:

Hand Weapons
 a - a +0 flail (weapon)
Armour
 b - a +0 scale mail (worn)
 c - a +0 buckler
 g - a +0 kite shield (worn)
 l - a +0 pair of gloves (worn)
Jewellery
 o - a ring of protection from cold (left hand)
Scrolls
 e - a scroll of vulnerability {unknown}
 f - 2 scrolls of teleportation {unknown}
 h - 3 scrolls of identify {unknown}
 k - a scroll of silence {unknown}
 m - a scroll of butterflies {unknown}
 n - a scroll of immolation {unknown}
 p - a scroll of enchant weapon {unknown}
Potions
 d - a potion of might
 i - 2 potions of brilliance {unknown}
 j - a potion of invisibility {unknown}
 q - 2 potions of degeneration {unknown}


   Skills:
 + Level 4.1 Fighting
 + Level 3.3 Maces & Flails
 + Level 4.1 Armour
 + Level 1.2 Dodging
 + Level 0.2 Stealth
 + Level 4.3 Shields


You had 3 spell levels left.
You didn't know any spells.
Your spell library contained the following spells:

 Spells                   Type           Power      Damage    Failure   Level
 Sandblast                Erth           0%         2d4       98%         1
 Blink                    Tloc           0%         N/A       99%         2
 Passwall                 Tmut/Erth      0%         N/A       99%         2
 Lesser Beckoning         Tloc           0%         N/A       100%        3
 Stone Arrow              Conj/Erth      0%         3d7       100%        3
 Manifold Assault         Tloc           0%         N/A       100%        5


Dungeon Overview and Level Annotations

Branches:
Dungeon (3/15)

Altars:
Okawaru
Ru


Innate Abilities, Weirdness & Mutations

You have a pair of horns on your head.
You reflexively headbutt those who attack you in melee.


Message History

The worm bites you but does no damage.
You barely miss the worm. The orc wizard closely misses you.
The worm closely misses you.
The orc wizard hits you but does no damage.
You closely miss the worm. The orc wizard barely misses you.
The worm closely misses you.
You bump into the rock wall.
The orc wizard hits you with a +0 dagger.
The orc wizard hits you but does no damage.
You hit the orc wizard.
The orc wizard is heavily wounded.
The orc wizard casts a spell at you. You resist with some effort.
The worm bites you.
You barely miss the orc wizard.
The orc wizard is heavily wounded.
You feel less confused.
The orc wizard hits you with a +0 dagger.
The orc wizard gestures at you while chanting.
You resist with some effort. The worm bites you!
* * * LOW HITPOINT WARNING * * *
It was a potion of attraction.
You feel attractive to monsters. The orc wizard casts a spell at you.
The puff of flame hits you.
* * * LOW HITPOINT WARNING * * *
You hit the worm.
The worm is lightly wounded.
The orc wizard hits you with a +0 dagger.
* * * LOW HITPOINT WARNING * * *
The worm bites you.
* * * LOW HITPOINT WARNING * * *
You barely miss the orc wizard.
The orc wizard is heavily wounded.
The orc wizard barely misses you. The worm bites you.
* * * LOW HITPOINT WARNING * * *
The orc wizard mumbles some strange words.
The orc wizard flickers and vanishes!
Deactivating autopickup; reactivate with Ctrl-A.
Something hits you.
You die...

#.#.......#.
....._....
#.......
#.#.#...... #.#.#
....
#...####.####.#.#
#........w).....#
#...####.{##.....
#....###@## ###
#....##>.#
#..<.#...#
#......#.#
####.#...#
.....(.....
...#.#.......
#####.#.......
#.........


You could see a worm.

Vanquished Creatures
  2 adders (D:2)
  A worm (D:2)
  A dart slug (D:2)
  4 orcs (D:3)
  8 bats
  4 endoplasms
  2 giant cockroaches (D:2)
  2 hobgoblins (D:1)
  2 kobolds (D:1)
  2 quokkas
  A ball python (D:2)
  3 frilled lizards
  5 goblins (D:1)
  6 rats
43 creatures vanquished.

Vanquished Creatures (others)
  A plant (D:1)
1 creature vanquished.

Grand Total: 44 creatures vanquished

Notes
Turn   | Place    | Note
-------+----------+-------------------------------------------
     0 | D:1      | Demigod47 the Minotaur Fighter began the quest for the Orb.
     0 | D:1      | Reached XP level 1. HP: 19/19 MP: 0/0
   187 | D:1      | Reached XP level 2. HP: 27/27 MP: 1/1
   209 | D:1      | Found a faded altar of an unknown god.
   215 | D:1      | Prayed at the altar of an unknown god.
   215 | D:1      | Became a worshipper of Warmaster Okawaru
   215 | D:1      | Reached * piety under Okawaru
  1010 | D:2      | Reached XP level 3. HP: 21/33 MP: 2/2
  1430 | D:2      | Reached skill level 1 in Dodging
  1820 | D:3      | Found a sacrificial altar of Ru.
  1832 | D:3      | Reached XP level 4. HP: 33/40 MP: 3/3
  1848 | D:3      | HP: 1/40 [worm (4)]
  1849 | D:3      | Slain by an orc wizard

Illustrated notes

Levels and vault maps discovered:
D:1:      wheals_arrival_shading, layout_rooms, shapermc_ecumenical_altar_petra,
          serial_forest, infiniplex_forest_lined_1, infiniplex_forest_end_3,
          infiniplex_forest_clump_small, infiniplex_forest_clump_small,
          infiniplex_forest_clump_curved, infiniplex_forest_corner_2,
          infiniplex_forest_clump_double, minmay_distorted
D:2:      layout_loops_ring, minmay_misc_feat_chi
D:3:      layout_rooms, mainiacjoe_overflow_alcove_2, xom_confusion_cloud,
          old_standard_altar, cheibrodos_gnoll_hut, uniq_terence, uniq_sigmund

Skill      XL: |  1  2  3 |
---------------+----------+-----
Shields        | 4 |  4.3
Fighting       | 4 |  4.1
Armour         | 4 |  4.1
Maces & Flails | 3 |  3.3
Dodging        | 1 |  1.2
Stealth        | |  0.2

Action                   |  1- 3 |  4- 6 || total
-------------------------+-------+-------++-------
Melee: Flail             |   102 |    12 ||   114
       Headbutt          |    21 |     1 ||    22
  Use: Potion            |       |     1 ||     1
Armor: Scale mail        |    66 |     7 ||    73
Dodge: Dodged            |    55 |     5 ||    60
Block: Buckler           |     7 |       ||     7
       Kite shield       |    41 |     8 ||    49
